 Dungeon Crawl Stone Soup version 0.17.0-28-g6e173f8 (webtiles) character file.

541 coffecat the Skirmisher (level 7, -8/62 HPs)
             Began as a Minotaur Berserker on Nov 27, 2015.
             Was a Believer of Trog.
             Mangled by Blork the orc
             ... wielding a +0 dire flail
              (11 damage)
             ... on level 4 of the Dungeon.
             The game lasted 00:17:57 (3617 turns).

coffecat the Skirmisher (Minotaur Berserker)        Turns: 3617, Time: 00:17:57

Health: -8/62      AC:  5    Str: 22    XL:     7   Next: 5%
Magic:  6/6        EV: 13    Int:  4    God:    Trog [**....]
Gold:   148        SH:  0    Dex: 11    Spells: 0 memorised, 6 levels left

rFire  . . .     SeeInvis .     a - +0 hand axe
rCold  . . .     Clarity  .     c - +0 ring mail
rNeg   . . .     SustAt   .     (no shield)
rPois  .         Gourm    .     (helmet restricted)
rElec  .         Spirit   .     (no cloak)
rCorr  .         Warding  .     (no gloves)
rMut   .         Stasis   .     (no boots)
MR     .....                    (no amulet)
Stlth  +.........               (no ring)
                                (no ring)

@: lethally poisoned (-8 -> -15), exhausted, slowed, very slow, not resistant to
hostile enchantments, very unstealthy
A: retaliatory headbutt, horns 2
a: Berserk, Trog's Hand, Burn Spellbooks, Renounce Religion


You were on level 4 of the Dungeon.
You worshipped Trog.
Trog was pleased with you.
You were not hungry.

You visited 1 branch of the dungeon, and saw 4 of its levels.

You collected 148 gold pieces.

Inventory:

Hand Weapons
 a - a +0 hand axe (weapon)
 r - a +0 hand axe
Armour
 b - a +0 animal skin
 c - a +0 ring mail (worn)
Scrolls
 e - 2 scrolls of teleportation
 f - a scroll of blinking {unknown}
 j - a scroll of random uselessness {unknown}
 l - 2 scrolls of noise {unknown}
 m - a scroll of enchant armour {unknown}
 p - a scroll of enchant weapon {unknown}
 t - 2 scrolls of recharging {unknown}
 u - 2 scrolls of identify {unknown}
Potions
 d - a potion of agility {unknown}
 g - a potion of resistance {unknown}
 h - a potion of curing {unknown}
 i - a potion of haste {unknown}
 n - a potion of lignification {unknown}
 s - a potion of heal wounds {unknown}
Comestibles
 k - a meat ration
 q - a bread ration


   Skills:
 + Level 5.7 Fighting
 + Level 5.7 Axes
 + Level 4.1 Armour
 + Level 5.0 Dodging
 + Level 1.1 Stealth


You had 6 spell levels left.
You didn't know any spells.

Dungeon Overview and Level Annotations

Branches:
Dungeon (4/15)
 Temple: D:4-7

Altars:
Makhleb
Nemelex Xobeh
Okawaru
Trog
Xom
The Shining One

Annotations:
D:4 Blork the orc


Innate Abilities, Weirdness & Mutations

You reflexively headbutt those who attack you in melee.
You have a pair of horns on your head.


Message History

* * * LOW HITPOINT WARNING * * *
The scorpion stings you but does no damage.
You feel sick.
You hear some strange, mumbled words.
A magic dart appears from out of thin air!
The magic dart hits you!
* * * LOW HITPOINT WARNING * * *
Something barely misses you.
* * * LOW HITPOINT WARNING * * *
You feel sick. Something hits you.
* * * LOW HITPOINT WARNING * * *
The scorpion misses you.
Press: ? - help, v - describe, . - travel The floor.
You hit the scorpion but do no damage. Your headbutt misses the scorpion.
The scorpion is heavily wounded.
You hit something.
* * * LOW HITPOINT WARNING * * *
You feel sick. Something hits you!
You die...

####.###### #.#
## #.##.# #.#.#
##..# ##
#####...####.###
###..............
....#.......##.##
..##...##.@###..#
......Z..s......#
................#
...###..##.....#
.. #..+####..##
#.....##..#
#......#..#
+.._..'..†#
#......#........


You could see a scorpion and a goblin zombie.

Vanquished Creatures
  Sigmund (D:4)
  2 scorpions (D:4)
  A crimson imp (D:4)
  The ghost of ConnectionFaild the Shooter, a weakling SpHu (D:3)
  An orc wizard (D:4)
  2 worker ants (D:4)
  5 adders
  3 worms
  5 giant geckos
  10 orcs
  2 bats
  3 giant cockroaches
  6 goblins
  4 hobgoblins
  5 kobolds
  3 quokkas
  2 ball pythons (D:3)
  5 giant newts
  A goblin skeleton (D:4)
  A goblin zombie (D:4)
  3 hobgoblin zombies (D:4)
  4 jackals (D:3)
  A kobold zombie (D:4)
  2 orc skeletons (D:4)
  2 orc zombies (D:4)
  10 rats
85 creatures vanquished.

Notes
Turn   | Place    | Note
--------------------------------------------------------------
     0 | D:1      | coffecat the Minotaur Berserker began the quest for the Orb.
     0 | D:1      | Reached XP level 1. HP: 19/19 MP: 0/0
   419 | D:2      | Reached skill level 4 in Axes
   419 | D:2      | Reached XP level 2. HP: 17/27 MP: 1/1
   823 | D:3      | Found a sparkling altar of Nemelex Xobeh.
  1236 | D:3      | Found a burning altar of Makhleb.
  1292 | D:3      | Reached XP level 3. HP: 33/33 MP: 2/2
  1333 | D:3      | Noticed ConnectionFaild's ghost (weakling SpHu)
  1342 | D:3      | Killed ConnectionFaild's ghost
  1368 | D:3      | Reached XP level 4. HP: 21/41 MP: 3/3
  1643 | D:3      | Reached ** piety under Trog
  2051 | D:3      | Noticed a moth of wrath
  2054 | D:3      | Found a bloodstained altar of Trog.
  2063 | D:3      | Reached skill level 5 in Fighting
  2478 | D:2      | Reached XP level 5. HP: 43/48 MP: 4/4
  2688 | D:4      | Found a shimmering altar of Xom.
  2701 | D:4      | Found an iron altar of Okawaru.
  2710 | D:4      | Reached skill level 5 in Axes
  2825 | D:4      | Found a shimmering altar of Xom.
  2903 | D:4      | Reached skill level 1 in Stealth
  3374 | D:4      | Noticed Sigmund
  3380 | D:4      | Killed Sigmund
  3380 | D:4      | Reached XP level 6. HP: 56/56 MP: 5/5
  3592 | D:4      | Found a glowing golden altar of the Shining One.
  3599 | D:4      | Noticed Blork the orc
  3599 | D:4      | Reached skill level 5 in Dodging
  3599 | D:4      | Reached XP level 7. HP: 62/62 MP: 6/6
  3616 | D:4      | HP: 3/62 [something (3)]
  3617 | D:4      | Mangled by Blork the orc

Action                   |  1- 3 |  4- 6 |  7- 9 || total
-------------------------+-------+-------+-------++-------
Melee: Hand axe          |    51 |   141 |     6 ||   198
Invok: Berserk           |     3 |     4 |       ||     7
       Trog's Hand       |       |     1 |     1 ||     2
  Use: Scroll            |     1 |     2 |       ||     3
  Eat: Chunk             |     3 |     1 |       ||     4
       Bread ration      |       |     2 |       ||     2
       Pizza             |       |     2 |       ||     2
